[Event "*** Titled Tuesday 3|2 Blitz"]
[Site "Chess.com"]
[Date "2016.03.01"]
[Round "1"]
[White "GM_Huschenbeth"]
[Black "JustKid"]
[Result "1-0"]
[WhiteElo "2393"]
[BlackElo "2122"]
[TimeControl "180+2"]
[EndTime "17:00:39 PST"]
[Termination "GM_Huschenbeth won by resignation"]

1. e4 d5 2. exd5 Qxd5 3. Nc3 Qd8 4. d4 Nf6 5. Nf3 Bg4 6. h3 Bxf3 7. Qxf3 c6 8. Be3 e6 9. O-O-O Bb4 10. Ne4 Nxe4 11.
Qxe4 Qxd4 12. Qxd4 Bd2+ 1-0

[Event "*** Titled Tuesday 3|2 Blitz"]
[Site "Chess.com"]
[Date "2016.03.01"]
[Round "1"]
[White "chessdude"]
[Black "Kawhi_Leonard2"]
[Result "1-0"]
[WhiteElo "2377"]
[BlackElo "2058"]
[TimeControl "180+2"]
[EndTime "17:02:42 PST"]
[Termination "chessdude won by resignation"]

1. e4 c5 2. Nf3 d6 3. d4 cxd4 4. Nxd4 Nf6 5. Nc3 g6 6. Be3 Bg7 7. f3 Nc6 8. Qd2 O-O 9. g4 Nxd4 10. Bxd4 Be6 11. h4 Qa5 12. a3 Nd7 13. Bxg7 Kxg7 14. h5 g5 15. h6+ Kg8 16. O-O-O Rac8 17. Bb5 Rxc3 18. Qxg5+ 1-0

[Event "*** Titled Tuesday 3|2 Blitz"]
[Site "Chess.com"]
[Date "2016.03.01"]
[Round "1"]
[White "tigra"]
[Black "TheMagician"]
[Result "1-0"]
[WhiteElo "2407"]
[BlackElo "2154"]
[TimeControl "180+2"]
[EndTime "17:03:51 PST"]
[Termination "tigra won by resignation"]

1. e4 e5 2. Nf3 Nc6 3. d4 exd4 4. Nxd4 Nf6 5. Nxc6 bxc6 6. e5 Nd5 7. c4 Nb6 8. Bd3 d5 9. exd6 cxd6 10. O-O Be6 11. Re1 Be7 12. Qh5 g6 13. Qf3 d5 14. Bh6 dxc4 15.
Be4 Nd5 16. Nc3 Rc8 17. Rad1 Qa5 18. Nxd5 cxd5 19. Bxd5 Qc5 1-0

[Event "*** Titled Tuesday 3|2 Blitz"]
[Site "Chess.com"]
[Date "2016.03.01"]
[Round "1"]
[White "pKiLz5Rn9b"]
[Black "Recombinant"]
[Result "1-0"]
[WhiteElo "2500"]
[BlackElo "2214"]
[TimeControl "180+2"]
[EndTime "17:04:02 PST"]
[Termination "pKiLz5Rn9b won by resignation"]

1. e4 d6 2. d4 Nf6 3. Nc3 g6 4. Nf3 Bg7 5. h3 O-O 6. Be3 b6 7. Be2 Bb7 8. d5 c6 9. O-O Nbd7 10. a4 Nc5 11. a5 Ncxe4 12. Nxe4 Nxe4 13. a6 Bc8 14. dxc6 Bxb2 15. Bh6 Nc3 16. Qd2 Nxe2+ 17. Qxe2 Bxa1 18.
Bxf8 Qxf8 19. Rxa1 e5 20. Rd1 Be6 21. Ng5 Bf5 22. g4 Bc8 23. Ne4 Be6 24. Nxd6 Rd8 25. Qxe5 Qe7 26. Rd3 Qc7 27. Nf5 1-0

[Event "*** Titled Tuesday 3|2 Blitz"]
[Site "Chess.com"]
[Date "2016.03.01"]
[Round "1"]
[White "dretch"]
[Black "Quiet_Desperation"]
[Result "1-0"]
[WhiteElo "2541"]
[BlackElo "2235"]
[TimeControl "180+2"]
[EndTime "17:04:28 PST"]
[Termination "dretch won by resignation"]

1. d4 Nf6 2. c4 e6 3. Nc3 Bb4 4. Qc2 Nc6 5. Nf3 d6 6. Bd2 O-O 7. a3 Bxc3 8. Bxc3 Qe7 9. e3 a5 10. b3 e5 11. Be2 Bg4 12. O-O Rfe8 13. d5 Nb8 14. Rfe1 Nbd7 15. Nd2 Bxe2 16. Rxe2 c6 17. e4 Rec8 18. Rf1 cxd5 19. exd5 Nb6 20. a4 Qc7 21. Nb1 Qd7 22. Na3 Nh5 23. g3 Qh3 24. f3 f5 25.
Nb5 Rd8 26. Nc7 Rac8 27. Ne6 Rd7 28. Ng5 1-0

[Event "*** Titled Tuesday 3|2 Blitz"]
[Site "Chess.com"]
[Date "2016.03.01"]
[Round "1"]
[White "josiwales"]
[Black "GianmarcoVaR"]
[Result "0-1"]
[WhiteElo "2077"]
[BlackElo "2359"]
[TimeControl "180+2"]
[EndTime "17:04:55 PST"]
[Termination "GianmarcoVaR won by resignation"]

1. e4 c6 2. d4 d5 3. Nc3 dxe4 4. Nxe4 Bf5 5. Ng3 Bg6 6. h4 h6 7. Nf3 Nd7 8. h5 Bh7 9. Bd3 Bxd3 10. Qxd3 e6 11.
Bf4 Qa5+ 12. Bd2 Bb4 13. Ne4 Ngf6 14. Nd6+ Ke7 15. Nc4 Bxd2+ 16. Nfxd2 Qc7 17. O-O-O Rhd8 18. Qa3+ c5 19. Nb3 b6 20. Rhe1 Kf8 21. dxc5 Nxc5 22.
Nxc5 bxc5 23. Kb1 Kg8 24. Qf3 Rab8 25. g4 Rd4 26. Rxd4 cxd4 27. Ne5 Nd5 28. g5 hxg5 29. h6 gxh6 30. Qh5 Rxb2+ 31. Kxb2 Qc3+ 32. Kb1 Qxe1+ 0-1

[Event "*** Titled Tuesday 3|2 Blitz"]
[Site "Chess.com"]
[Date "2016.03.01"]
[Round "1"]
[White "ArnaudovP"]
[Black "GMHess"]
[Result "1-0"]
[WhiteElo "2311"]
[BlackElo "2626"]
[TimeControl "180+2"]
[EndTime "17:05:11 PST"]
[Termination "ArnaudovP won by resignation"]

1. d4 g6 2. c4 Bg7 3. Nc3 c5 4. d5 Bxc3+ 5. bxc3 f5 6. e4 fxe4 7. f3 e5 8. Qc2 d6 9. fxe4 Qa5 10. Nf3 Nd7 11.
Be2 Nb6 12. O-O Bd7 13. Ng5 Nh6 14. Ne6 Nf7 15. Nc7+ Ke7 16. Nxa8 Rxa8 17. Qd3 Be8 18. Bg4 Kd8 19. Be6 1-0

[Event "*** Titled Tuesday 3|2 Blitz"]
[Site "Chess.com"]
[Date "2016.03.01"]
[Round "1"]
[White "SenseiJulio"]
[Black "MMSANCHEZ"]
[Result "1-0"]
[WhiteElo "2615"]
[BlackElo "2274"]
[TimeControl "180+2"]
[EndTime "17:05:23 PST"]
[Termination "SenseiJulio won by resignation"]

1. d4 Nf6 2. c4 g6 3. Nc3 d5 4.
cxd5 Nxd5 5. e4 Nxc3 6. bxc3 Bg7 7. Qa4+ Qd7 8. Qa3 O-O 9. Nf3 b6 10. Bd3 Bb7 11. O-O c5 12. Be3 cxd4 13. cxd4 Nc6 14. d5 Na5 15. Rac1 Rfc8 16. Nd4 Rxc1 17. Rxc1 Rc8 18.
Rxc8+ Bxc8 19. Bb5 Qc7 20. Nc6 Nxc6 21. Bxc6 Bd7 22.
Qxe7 b5 23. Qxd7 Qa5 24. Qe8+ Bf8 25. g3 Qe1+ 26. Kg2 Kg7 27. Bd4+ f6 28. Bxf6+ Kxf6 29. Qxf8+ 1-0

[Event "*** Titled Tuesday 3|2 Blitz"]
[Site "Chess.com"]
[Date "2016.03.01"]
[Round "1"]
[White "MITerryble"]
[Black "hermionegrangermagic"]
[Result "1-0"]
[WhiteElo "2646"]
[BlackElo "2297"]
[TimeControl "180+2"]
[EndTime "17:05:43 PST"]
[Termination "MITerryble won by resignation"]

1. d4 d5 2. Nf3 Nf6 3. c4 e6 4. Nc3 Be7 5. Bf4 O-O 6. e3 b6 7.
Qc2 Bb7 8. cxd5 exd5 9. Bd3 c5 10. O-O Nbd7 11. Ne5 Re8 12. Rac1 Nf8 13. Bb5 N8d7 14. Qa4 cxd4 15. exd4 Nxe5 16. dxe5 Nh5 17. Bxe8 Nxf4 18. Bxf7+ Kxf7 19. Qxf4+ Kg8 20. Nb5 d4 21. Qxd4 Qe8 22.
Nd6 Bxd6 23. exd6 Qg6 24. f3 Rd8 25. d7 Qe6 26. Rcd1 Bc6 27. Rfe1 Qxa2 28. Re7 1-0

[Event "*** Titled Tuesday 3|2 Blitz"]
[Site "Chess.com"]
[Date "2016.03.01"]
[Round "1"]
[White "djgwards"]
[Black "jcibarra"]
[Result "0-1"]
[WhiteElo "2222"]
[BlackElo "2496"]
[TimeControl "180+2"]
[EndTime "17:06:05 PST"]
[Termination "jcibarra won by resignation"]

1. d4 Nf6 2. c4 d6 3. Nc3 e5 4. e3 Nbd7 5. Nf3 g6 6. g3 Bg7 7. Bg2 O-O 8. O-O c6 9. a4 a5 10.
b3 Re8 11. Ba3 Qc7 12. Rc1 h6 13. Qc2 exd4 14. exd4 Nb8 15. Rfe1 Bf5 16. Qd2 Na6 17. Qf4 Qb6 18. Nd2 Nb4 19. Bxb4 Qxb4 20. d5 Rxe1+ 21.
Rxe1 Qxc3 22. dxc6 bxc6 23. Qxd6 Bf8 24. Qxc6 Qxd2 0-1

[Event "*** Titled Tuesday 3|2 Blitz"]
[Site "Chess.com"]
[Date "2016.03.01"]
[Round "1"]
[White "FairChess_on_YouTube"]
[Black "oskariot"]
[Result "1-0"]
[WhiteElo "2743"]
[BlackElo "2308"]
[TimeControl "180+2"]
[EndTime "17:06:27 PST"]
[Termination "FairChess_on_YouTube won by resignation"]

1. d4 Nf6 2. c4 g6 3. Nc3 Bg7 4. e4 d6 5. Nf3 O-O 6. Be2 e5 7. d5 a5 8. Be3 Na6 9. Nd2 Nc5 10. a3 Ne8 11. b4 axb4 12. axb4 Rxa1 13. Qxa1 Nd7 14. O-O f5 15. f3 f4 16. Bf2 g5 17.
c5 h5 18. Qa8 Ndf6 19. Nb5 Bh6 20. Na7 Ng7 21. Qxc8 Qxc8 22. Nxc8 Rxc8 23. Ra1 g4 24.
Nc4 Nge8 25. Ra7 Rb8 26. Na5 g3 27. Be1 dxc5 28. bxc5 Bf8 29. Nxb7 Rxb7 30. Rxb7 Bxc5+ 31. Kh1 Bb6 32. hxg3 1-0

[Event "*** Titled Tuesday 3|2 Blitz"]
[Site "Chess.com"]
[Date "2016.03.01"]
[Round "1"]
[White "Rating-Schmating"]
[Black "MinhGTrAn"]
[Result "0-1"]
[WhiteElo "2300"]
[BlackElo "2670"]
[TimeControl "180+2"]
[EndTime "17:06:41 PST"]
[Termination "MinhGTrAn won by checkmate"]

1. e4 c5 2. Be2 Nc6 3. f4 g6 4. Nf3 Bg7 5. d3 d5 6. O-O Bg4 7. c3 e6 8. Qe1 Nf6 9. e5 Nd7 10.
Na3 a6 11. Nc2 O-O 12. Ne3 Bxf3 13. Bxf3 b5 14. Nc2 Rb8 15. d4 cxd4 16. Nxd4 Nxd4 17. cxd4 Qb6 18. Be3 Rfc8 19. Qf2 Rc4 20. Rac1 Rbc8 21.
Rxc4 bxc4 22. Qd2 Rb8 23. Rf2 Bf8 24. Bd1 Qb4 25. Qxb4 Rxb4 26. Rc2 Nb8 27. Bd2 Rb6 28. Bc3 Nc6 29. a3 Be7 30. Rd2 h5 31. Ba4 Bd8 32.
g3 Ne7 33. Ba5 Rb8 34. Bc3 Nf5 35. Bc2 Ng7 36. h3 Nf5 37. Kf2 Kg7 38. Bxf5 gxf5 39. Kf3 Rb3 40. h4 Ba5 41. Rc2 Bxc3 42. bxc3 Rxa3 43.
Ke2 Ra1 44. Rb2 Rc1 45. Ra2 Rxc3 46. Rxa6 Rxg3 47. Rc6 Rg4 48. Kf3 Rxh4 49. Rb6 Rh3+ 50. Kg2 Rd3 51. Rb1 Rxd4 52. Kg3 c3 53. Kf3 c2 54. Rg1+ Kh6 55. Rc1 Rc4 56. Ke3 h4 57. Kd3 h3 58. Kd2 h2 59. Rh1 c1=Q+ 60. Rxc1 Rxc1 61.
Ke2 h1=Q 62. Kf2 Rc2+ 63. Kg3 Qg2+ 64. Kh4 Qg4# 0-1

[Event "*** Titled Tuesday 3|2 Blitz"]
[Site "Chess.com"]
[Date "2016.03.01"]
[Round "1"]
[White "vellottiwizard"]
[Black "Goala"]
[Result "1-0"]
[WhiteElo "2452"]
[BlackElo "2202"]
[TimeControl "180+2"]
[EndTime "17:06:59 PST"]
[Termination "vellottiwizard won on time"]

1. e4 e6 2. d4 d5 3. Nc3 Nf6 4. Bg5 Be7 5. e5 Nfd7 6. Bxe7 Qxe7 7. f4 a6 8. Nf3 Nb6 9. Qd2 Bd7 10. O-O-O Bb5 11.
Kb1 Bxf1 12. Rhxf1 Nc4 13. Qd3 Qb4 14. b3 Nc6 15.
Ka1 Na3 16. Na4 Qb5 17. c3 O-O-O 18. Ng5 Rdf8 19. Qd2 h6 20. Nf3 Nc4 21. Qe2 N6a5 22. Nc5 Na3 23. Qb2 b6 24. Nd3 N3c4 25. bxc4 Qxc4 26.
Qb4 Qc6 27. Nd2 g5 28. f5 Qb7 29. fxe6 c5 30. dxc5 Nc6 31. Qg4 fxe6 32. Qxe6+ Kd8 33. cxb6 Qxb6 34. Qd6+ Ke8 35. Nc5 Nb8 36. Qxb6 1-0

[Event "*** Titled Tuesday 3|2 Blitz"]
[Site "Chess.com"]
[Date "2016.03.01"]
[Round "1"]
[White "Miguelito"]
[Black "spectralsoul"]
[Result "0-1"]
[WhiteElo "2286"]
[BlackElo "2543"]
[TimeControl "180+2"]
[EndTime "17:07:01 PST"]
[Termination "spectralsoul won by resignation"]

1. e4 d6 2. d4 Nf6 3. Nc3 g6 4. f4 Bg7 5. Nf3 O-O 6. Bd3 Na6 7. e5 Nd7 8. O-O c5 9. exd6 exd6 10. Ne4 Qb6 11. c3 cxd4 12. Nxd4 Nac5 13. Bc2 Nxe4 14.
Bxe4 Nc5 15. Bd5 Ne6 16. Bxe6 fxe6 17. Kh1 e5 18. fxe5 Rxf1+ 19. Qxf1 dxe5 20. Nb3 a5 21. Qc4+ Be6 22. Qc5 Qa6 23. Be3 a4 24. Nd2 Qe2 25. Rg1 Rc8 26. Qd6 Bxa2 27. Qb6 Bd5 28. c4 Bc6 29. Nf1 Qxc4 30. Ng3 h5 31. Rc1 Qd5 32. Rg1 h4 0-1

[Event "*** Titled Tuesday 3|2 Blitz"]
[Site "Chess.com"]
[Date "2016.03.01"]
[Round "1"]
[White "DanielNaroditsky"]
[Black "kikydu96"]
[Result "1-0"]
[WhiteElo "2561"]
[BlackElo "2267"]
[TimeControl "180+2"]
[EndTime "17:07:03 PST"]
[Termination "DanielNaroditsky won by resignation"]

1. Nf3 Nf6 2. c4 c5 3. Nc3 Nc6 4. e3 g6 5. d4 cxd4 6. exd4 d5 7.
cxd5 Nxd5 8. Bc4 Nxc3 9. Qb3 e6 10. bxc3 Bg7 11. Ba3 Bd7 12. Bd3 Qb6 13. O-O Qxb3 14. axb3 O-O-O 15. Ng5 Be8 16. Ne4 e5 17. Nd6+ Kc7 18. d5 Nb8 19. Nxe8+ Rhxe8 20. d6+ Kc8 21. Bc4 Rd7 22. Bc5 b6 23. Be3 a6 24. Bxb6 Rxd6 25. Bxf7 Rh8 26. Bc5 Rc6 27. b4 Nd7 28.
Bd5 Rc7 29. Bd6 Rxc3 30. Rxa6 Nb8 31. Ra7 Bf6 32. Be6+ 1-0

[Event "*** Titled Tuesday 3|2 Blitz"]
[Site "Chess.com"]
[Date "2016.03.01"]
[Round "1"]
[White "thegreendog"]
[Black "GrigorGrigorov"]
[Result "0-1"]
[WhiteElo "2231"]
[BlackElo "2515"]
[TimeControl "180+2"]
[EndTime "17:07:23 PST"]
[Termination "GrigorGrigorov won by resignation"]

1. d4 g6 2. c4 Bg7 3. Nc3 d6 4. Nf3 Nd7 5. g3 e5 6. Bg2 Ne7 7. O-O O-O 8. e4 exd4 9. Nxd4 Nc6 10. Be3 Nde5 11. Nxc6 bxc6 12. Qa4 Be6 13. Rfc1 Nd3 14. Rc2 Nxb2 15. Qxc6 Nxc4 16. Re1 Nxe3 17. Rxe3 Rb8 18. Nd5 Rb1+ 19. Rc1 Qd7 20. Qc2 Rxc1+ 21. Qxc1 Rc8 22. Re1 c6 23. Nb4 a5 24. Nd3 Bxa2 25. Qa3 Bc4 26. Nf4 Qc7 27. Rc1 Bb5 28. h4 Bd4 29. Nd5 Qd8 30.
Nf4 a4 31. Bf1 Qf6 32. Bxb5 Bb2 33. Qe3 Bxc1 34. Qxc1 a3 35. Bc4 Qb2 36. Nd3 Qxc1+ 37. Nxc1 d5 38. Ba2 dxe4 39. Kf1 Rb8 40. Ke2 Rb2+ 41.
Ke3 Rc2 0-1

[Event "*** Titled Tuesday 3|2 Blitz"]
[Site "Chess.com"]
[Date "2016.03.01"]
[Round "1"]
[White "Aygehovit1992"]
[Black "yopino"]
[Result "1-0"]
[WhiteElo "2417"]
[BlackElo "2195"]
[TimeControl "180+2"]
[EndTime "17:07:33 PST"]
[Termination "Aygehovit1992 won by resignation"]

1. e4 c5 2. Nf3 g6 3. d4 cxd4 4. Qxd4 Nf6 5. e5 Nc6 6. Qa4 Nd5 7. Nc3 Nxc3 8. bxc3 Bg7 9. Bf4 O-O 10.
Bb5 Qc7 11. Bxc6 dxc6 12. O-O b5 13. Qd4 Be6 14. Qe3 Qb6 15. Nd4 Bc4 16. Rfe1 Rfd8 17.
Bh6 Bh8 18. Bg5 Rd7 19. h4 e6 20. Bf6 Bxf6 21. exf6 Qd8 22. Qf4 Rc8 23. Re5 c5 24. Nf3 Rd5 25. Rxd5 Bxd5 26. Ne5 h5 27. a4 a6 28. axb5 axb5 29. Nxf7 Kxf7 30. Ra7+ Kg8 31. f7+ 1-0

[Event "*** Titled Tuesday 3|2 Blitz"]
[Site "Chess.com"]
[Date "2016.03.01"]
[Round "1"]
[White "lionheart95"]
[Black "Iwannabetheguy"]
[Result "1-0"]
[WhiteElo "2357"]
[BlackElo "2022"]
[TimeControl "180+2"]
[EndTime "17:07:48 PST"]
[Termination "lionheart95 won by resignation"]

1. e4 e5 2. Nf3 Nc6 3. Bb5 a6 4. Bxc6 dxc6 5. O-O Bg4 6. h3 h5 7. d3 Qf6 8. Be3 Bxf3 9. Qxf3 Qxf3 10. gxf3 Bd6 11. Nc3 Ne7 12. Ne2 Ng6 13. Rfb1 O-O-O 14.
b4 Rdf8 15. a4 f5 16. b5 f4 17. Bd2 Nh4 18. Bc3 Nxf3+ 19. Kf1 Rh6 20. bxc6 bxc6 21.
Ng1 Nxg1 22. Kxg1 Rg6+ 23. Kh2 Rff6 24. Rg1 Kd7 25. Rab1 Rxg1 26. Rxg1 g6 27. Rb1 Re6 28. Rb7 Bc5 29. f3 Kc8 30. Rb1 g5 31. Rd1 Rg6 32.
Rd2 g4 33. Rg2 g3+ 34. Kh1 Bd4 35. Bxd4 exd4 36. e5 Kd7 37. Re2 Ke6 38. Re4 c5 39. Rxf4 Kxe5 40. Re4+ Kd5 41. Kg2 c6 42. f4 c4 43. Re5+ Kd6 44. Rxh5 cxd3 45. cxd3 c5 46. Rg5 Rxg5 47. fxg5 c4 48. dxc4 d3 49. g6 d2 50. g7 d1=Q 51. g8=Q Qe2+ 52. Kxg3 Qe3+ 53. Kh2 Qe2+ 54. Kh1 Qe4+ 55. Kh2 Qe2+ 56. Qg2 Qxc4 57. Qg6+ Kc5 58. Qg5+ Kb4 59. Qg4 Qxg4 60. hxg4 Kxa4 61. g5 Kb3 62. g6 a5 63. g7 a4 64. g8=Q+ Kb2 65. Qb8+ Ka2 66. Qb4 a3 67. Kg2 1-0

[Event "*** Titled Tuesday 3|2 Blitz"]
[Site "Chess.com"]
[Date "2016.03.01"]
[Round "1"]
[White "Zazuliak"]
[Black "Shivagami"]
[Result "1-0"]
[WhiteElo "2346"]
[BlackElo "1793"]
[TimeControl "180+2"]
[EndTime "17:07:49 PST"]
[Termination "Zazuliak won by checkmate"]

1. d4 Nf6 2. c4 g6 3. Nc3 d5 4. Bf4 Bg7 5. e3 O-O 6. Nf3 c5 7. dxc5 Na6 8. cxd5 Nxc5 9. Be5 Qa5 10. Be2 Rd8 11. O-O Bf5 12. Rc1 Nfe4 13. Bxg7 Kxg7 14. Qd4+ Kg8 15. b4 Nxc3 16. Qxc3 Qxa2 17. Bc4 Qa4 18.
bxc5 Rac8 19. Qd4 Qa5 20. Be2 Be6 21. e4 f5 22. Ng5 Bf7 23. Nxf7 Kxf7 24. exf5 gxf5 25.
Bh5+ Kf8 26. Qe5 Kg8 27. Qxf5 Rxc5 28. Bf7+ Kg7 29. Be6 Rf8 30. Qg5+ Kh8 31. Qxe7 Rd8 32. Qf6# 1-0

[Event "*** Titled Tuesday 3|2 Blitz"]
[Site "Chess.com"]
[Date "2016.03.01"]
[Round "1"]
[White "IMRosen"]
[Black "Izoria123"]
[Result "0-1"]
[WhiteElo "2274"]
[BlackElo "2559"]
[TimeControl "180+2"]
[EndTime "17:08:12 PST"]
[Termination "Izoria123 won by resignation"]

1. d4 Nf6 2. Nf3 g6 3. c4 Bg7 4. Nc3 O-O 5. Bg5 c5 6. d5 b5 7. cxb5 a6 8. e4 axb5 9. Bxb5 Nxe4 10. Nxe4 Qa5+ 11. Nc3 Bxc3+ 12. bxc3 Qxb5 13. Qe2 Qxe2+ 14. Kxe2 Ba6+ 15. Kd2 f6 16. Bh6 Re8 17. Rhe1 d6 18.
Re4 Nd7 19. Rb1 f5 20. Ra4 Nf6 21. Rb6 Ne4+ 22. Kc2 Bd3+ 23. Kb3 Bc2+ 24. Kxc2 Rxa4 25. Kb3 Rea8 26. Rb7 c4+ 27. Kc2 Rxa2+ 28. Rb2 Rxb2+ 29. Kxb2 Nxf2 30. Nd4 Ne4 31. Be3 Nf6 32. Nc6 Nxd5 33. Bd4 e5 34. Bf2 Kf7 35. Bh4 Ke6 36. Nd8+ Rxd8 37.
Bxd8 Ne3 38. g3 Ng2 39. Bg5 f4 40. gxf4 Nxf4 41. Kc2 Kd5 42. Be7 Ne6 43. Kd2 Nc5 44. h4 Ne4+ 45. Kc2 Ke6 46. Bd8 Kf5 47. Be7 Kg4 48.
Kb2 h6 49. Kc2 g5 50. hxg5 hxg5 51. Kd1 Kf3 52. Ke1 g4 53. Kf1 g3 54. Kg1 Nxc3 55. Bxd6 Ne2+ 56. Kf1 g2+ 0-1

[Event "*** Titled Tuesday 3|2 Blitz"]
[Site "Chess.com"]
[Date "2016.03.01"]
[Round "1"]
[White "chessking2151"]
[Black "Hikaru"]
[Result "0-1"]
[WhiteElo "2308"]
[BlackElo "2865"]
[TimeControl "180+2"]
[EndTime "17:08:22 PST"]
[Termination "Hikaru won by resignation"]

1. e4 e6 2. d4 b6 3. Bd3 Bb7 4. Ne2 d5 5. Nbc3 Nf6 6. e5 Nfd7 7. O-O c5 8. dxc5 Bxc5 9. Bf4 Nc6 10. Bb5 O-O 11.
Bxc6 Bxc6 12. Nd4 Bb7 13. Na4 Be7 14. Re1 Rc8 15. b3 Nc5 16. Nxc5 bxc5 17. Nf3 d4 18. Bg3 Qd5 19. Qe2 c4 20. Rad1 d3 21. Qf1 Bb4 22. bxc4 Qxc4 23. cxd3 Qxa2 24. Ra1 Qd5 25.
Reb1 a5 26. h4 Ba6 27. Rd1 Rfd8 28. Qe2 Rc3 29. Ne1 Bb7 30. f3 Bc6 31. Bf2 a4 32. Qb2 Rb3 33. Qe2 Bc3 34. Rac1 a3 35. Nc2 a2 36.
Ne3 Qa5 37. Nc4 Qa6 38. Qf1 Bd5 39. Nd6 Bxe5 40. Ne4 Bxe4 41. fxe4 a1=Q 42. Rxa1 Bxa1 43. Rxa1 Qxd3 44. Qxd3 Rbxd3 45. e5 Rd1+ 46. Rxd1 Rxd1+ 47.
Kh2 h5 48. Kh3 Rd3+ 49. g3 Kh7 50. Kg2 Kg6 0-1

[Event "*** Titled Tuesday 3|2 Blitz"]
[Site "Chess.com"]
[Date "2016.03.01"]
[Round "1"]
[White "davidarenas1224"]
[Black "Fins0905"]
[Result "0-1"]
[WhiteElo "2169"]
[BlackElo "2445"]
[TimeControl "180+2"]
[EndTime "17:08:28 PST"]
[Termination "Fins0905 won by resignation"]

1. e4 d5 2. exd5 Qxd5 3. d4 e5 4. Nf3 Nc6 5. Be3 exd4 6. Nxd4 Nxd4 7. Qxd4 Nf6 8. Nc3 Qxd4 9. Bxd4 Bf5 10. O-O-O O-O-O 11.
Bc4 Bg6 12. h4 h5 13. Bxa7 Bd6 14. Bd4 c6 15. Rhe1 Bc7 16. Re7 Bd6 17. Re2 Bf4+ 18. Kb1 Rd7 19. g3 Bc7 20. Kc1 Rhd8 21. Bc5 b5 22.
Bb3 Rxd1+ 23. Nxd1 Rd7 24. Re7 Ne4 25. Rxd7 Kxd7 26.
Be3 Ke7 27. c3 Nd6 28. Bc2 Be4 29. Bxe4 Nxe4 30. Kc2 Ke6 31. Kd3 f5 32. b3 Be5 33.
Bd4 c5 34. Bxe5 Kxe5 35. a4 c4+ 36. Kc2 cxb3+ 37. Kxb3 Nc5+ 38. Kb4 bxa4 39. Ne3 Ne4 40. c4 Nxf2 41. Kxa4 Ne4 42. Kb5 Nxg3 43. c5 f4 44. c6 fxe3 45. c7 Ne4 46. Kc4 e2 47. Kd3 e1=Q 48. c8=Q Qd2+ 49. Kc4 Qc3+ 50. Kb5 Qxc8 0-1

[Event "*** Titled Tuesday 3|2 Blitz"]
[Site "Chess.com"]
[Date "2016.03.01"]
[Round "1"]
[White "Gau_truc_lon"]
[Black "liczner"]
[Result "0-1"]
[WhiteElo "2147"]
[BlackElo "2402"]
[TimeControl "180+2"]
[EndTime "17:08:51 PST"]
[Termination "liczner won by resignation"]

1. e4 c6 2. Nf3 d5 3. Nc3 Bg4 4.
Be2 e6 5. d4 Nf6 6. e5 Nfd7 7.
h3 Bxf3 8. Bxf3 c5 9. O-O cxd4 10. Nb5 Nc6 11. Re1 Ndxe5 12. Bf4 a6 13. Bxe5 Nxe5 14. Rxe5 axb5 15. Qxd4 Be7 16. Qd3 b4 17. Bxd5 O-O 18.
Bxb7 Qc7 19. Bxa8 Qxe5 20. Be4 Qxb2 21. Re1 g6 22. Qb3 Qd4 23. Qe3 Qb2 24. Qb3 Qe5 25.
Re3 Bc5 26. Re2 Rd8 27. g3 f5 28. Qf3 fxe4 29. Rxe4 Qd5 30. Qg4 Qd1+ 31. Kg2 Qxg4 32.
hxg4 Rd2 33. Rxe6 Rxf2+ 34. Kh3 Rxc2 35. g5 Rxa2 36. Rc6 Rc2 37. Rc8+ Kf7 38. Rc7+ Ke6 39. Rxh7 b3 40. Rb7 b2 41. Kg4 Bd4 42. Kf3 Rc1 43. Ke4 b1=Q+ 0-1

[Event "*** Titled Tuesday 3|2 Blitz"]
[Site "Chess.com"]
[Date "2016.03.01"]
[Round "1"]
[White "jcgs1030"]
[Black "maciek_92"]
[Result "0-1"]
[WhiteElo "2193"]
[BlackElo "2455"]
[TimeControl "180+2"]
[EndTime "17:09:02 PST"]
[Termination "maciek_92 won by resignation"]

1. e4 c5 2. Nf3 e6 3. c4 Nc6 4. d4 cxd4 5. Nxd4 Nf6 6. Nc3 Bc5 7.
Nxc6 bxc6 8. Be2 Qc7 9. O-O O-O 10. a3 a5 11. Kh1 e5 12. Bg5 Rb8 13. Bxf6 gxf6 14.
Bg4 d6 15. Rb1 Kh8 16. Bf5 Bxf5 17. exf5 Bd4 18. Ne4 Qe7 19. Qe2 d5 20. Ng3 Rb3 21. Nh5 e4 22. cxd5 cxd5 23. Rfd1 Qe5 24. Qd2 Rd3 25.
Qh6 Rg8 26. Rxd3 exd3 27. Rd1 Qe2 28. Qd2 Qxh5 29. Qxd3 Be5 30. g3 Bxb2 31. Qxd5 Bxa3 32. Ra1 Bb4 33. Rc1 Kg7 34. Rc7 Rf8 35. Rc6 Qg5 36. Kg2 h5 37. h4 Qg4 38. Qf3 Qxf3+ 39. Kxf3 Ra8 40. Rc4 Bf8 41. Ra4 Bb4 42. Ke4 Rc8 43. f3 Rc4+ 44. Ke3 Rc3+ 45. Ke4 Ra3 46. Rxa3 Bxa3 47. g4 Bd6 0-1

[Event "*** Titled Tuesday 3|2 Blitz"]
[Site "Chess.com"]
[Date "2016.03.01"]
[Round "1"]
[White "ethylalcohol"]
[Black "pedromartinez91"]
[Result "0-1"]
[WhiteElo "1708"]
[BlackElo "2322"]
[TimeControl "180+2"]
[EndTime "17:09:09 PST"]
[Termination "pedromartinez91 won on time"]

1. e4 e6 2. d4 d5 3. Nc3 Bb4 4. e5 c5 5. Qg4 Ne7 6. Bd2 cxd4 7. Qxd4 Nbc6 8. Bb5 Bd7 9. Qg4 O-O 10. O-O-O Nxe5 11. Qe2 N5c6 12. Nf3 Rc8 13. Ng5 h6 14. Nh3 Nd4 15. Qg4 Nxb5 16. Qxb4 Nxc3 17. Bxc3 b6 18. Qg4 Nf5 19.
Nf4 Qg5 20. Qxg5 hxg5 21. Nh5 f6 22. g4 Nd6 23. Bb4 Rc6 24. h4 gxh4 25. Rxh4 Rfc8 26. c3 a5 27. Ba3 Nc4 28. Be7 Kf7 29. Nxg7 Kxe7 30. Rh7 Kd6 31. g5 fxg5 32. Rh6 b5 33.
Nf5+ Kc7 34. Ne7 b4 35. Nxc6 Kxc6 36. Kc2 bxc3 37. bxc3 Rb8 38. Rg6 Rb2+ 39. Kc1 Rxf2 40. Rxg5 Rxa2 41. Rg8 a4 42. Rd4 a3 43. Ra8 Rh2 0-1

[Event "*** Titled Tuesday 3|2 Blitz"]
[Site "Chess.com"]
[Date "2016.03.01"]
[Round "1"]
[White "chesstatour"]
[Black "gumersindo"]
[Result "1-0"]
[WhiteElo "1990"]
[BlackElo "2333"]
[TimeControl "180+2"]
[EndTime "17:09:39 PST"]
[Termination "chesstatour won by resignation"]

1. c4 e5 2. Nc3 Nf6 3. Nf3 Nc6 4.
d4 exd4 5. Nxd4 Bb4 6. g3 O-O 7. Bg2 Nxd4 8. Qxd4 d6 9. O-O h6 10. b3 Qe7 11. e3 a5 12. a3 Bc5 13.
Qd2 c6 14. Bb2 Bf5 15. Rad1 Ne4 16. Nxe4 Bxe4 17. Bxe4 Qxe4 18. b4 axb4 19. axb4 Bb6 20. Qxd6 Qxc4 21. Bd4 Rad8 22. Qe5 Bxd4 23. Rxd4 Rxd4 24.
Qxd4 Qxd4 25. exd4 Rd8 26. Rd1 Rd5 27. f3 Kf8 28.
Kf2 Ke7 29. Ke3 Kd7 30. g4 Ke6 31. Kd3 f5 32. Rg1 g5 33. Re1+ Kf6 34. Re8 fxg4 35. fxg4 Rb5 36. Kc3 Kg6 37. Re6+ Kg7 38. Re7+ Kf6 39.
Rh7 Kg6 40. Re7 Kf6 41. Rd7 Kg6 42. Rd6+ Kg7 43. Kc4 h5 44. h3 hxg4 45. hxg4 Kf7 46. Rh6 Rb6 47. Kc5 Rb5+ 48. Kc4 Kg7 49. Rd6 Rb6 50. d5 Ra6 51. dxc6 bxc6 52. Kc5 Ra1 53. Kxc6 Rc1+ 54. Kb6 Rc4 55. b5 Rxg4 56. Kc7 Rc4+ 57.
Kd7 g4 58. b6 Rb4 59. Kc6 g3 60. Rd3 Rg4 61. b7 g2 62. b8=Q g1=Q 63. Rd7+ Kf6 64.
Qf8+ Kg5 65. Rg7+ Kh4 66. Rh7+ Kg3 67. Qd6+ Kg2 68. Qd2+ Qf2 69. Rh2+ Kxh2 70. Qxf2+ Rg2 71. Qf4+ Kg1 72. Kd5 Ra2 73. Qf3 Ra5+ 74. Kc4 Ra4+ 75. Kb3 Ra1 76. Qe3+ Kf1 77. Qf4+ Kg2 78. Qg5+ Kf3 79.
Qf6+ Kg2 80. Qxa1 1-0

[Event "*** Titled Tuesday 3|2 Blitz"]
[Site "Chess.com"]
[Date "2016.03.01"]
[Round "1"]
[White "evgenyermolaev"]
[Black "LADIESGET2KNOWME"]
[Result "1-0"]
[WhiteElo "2091"]
[BlackElo "2368"]
[TimeControl "180+2"]
[EndTime "17:09:46 PST"]
[Termination "evgenyermolaev won on time"]

1. e4 e6 2. d4 d5 3. Nc3 Nf6 4. e5 Nfd7 5. Nf3 c5 6. dxc5 Nc6 7. Bf4 Be7 8. Bd3 Nxc5 9. O-O Qb6 10. Qd2 Bd7 11. a3 Nxd3 12. cxd3 Nd4 13. Nxd4 Qxd4 14. Ne2 Qb6 15. Rac1 O-O 16. Rc3 Rac8 17. Rfc1 Rc6 18. Be3 Qc7 19. f4 Rc8 20. Nd4 Rxc3 21. Rxc3 Qd8 22.
Qc2 a6 23. b4 Rxc3 24. Qxc3 Ba4 25. Nf3 g6 26. Bc5 Kg7 27. Bxe7 Qxe7 28. Qc5 Qd7 29. Kf2 h6 30. Nd4 Qd8 31. g3 b6 32. Qc3 Bb5 33.
Qb3 Qd7 34. Qc3 Ba4 35. g4 Qe7 36. Kg3 h5 37. h3 hxg4 38. hxg4 Qd8 39. Qc1 Qh8 40.
f5 gxf5 41. gxf5 Qh5 42. Qf4 Qh1 43. fxe6 Qg1+ 44. Kf3 Qf1+ 45. Kg4 Bd1+ 46. Kh4 Qh1+ 47. Kg3 Qg1+ 48. Kh3 Qh1+ 49. Qh2 Qe1 50. e7 Qe3+ 51. Qg3+ Qxg3+ 52. Kxg3 Ba4 53. b5 1-0